Unix xNetHack Version 7.1.0 - last build Jul 19 2022 04:02:08 (a8c4666137c2c631a57c77f6261166d76d9e3895). Game began 2022-07-22 11:45:27, ended 2022-07-22 12:00:15. Raisse, neutral female gnomish Wizard ------- +.....|### |.....-###############0 ----- |..<..| ## # ....| +......##### ##G-....>. ------- ....| ----- Raisse the Conjurer St:12 Dx:11 Co:12 In:18 Wi:13 Ch:9 Neutral Dlvl:8 $:454 HP:0(30) Pw:30(44) AC:4 Xp:5/225 T:1522 Burdened Blind Latest messages: You see here 15 gold pieces. $ - 15 gold pieces {0}. You descend the stairs. The jaguar claws you! The jaguar claws you! The jaguar bites! In what direction? h The magic missile hits the jaguar! The magic missile bounces! The magic missile hits the jaguar! The jaguar claws you! The jaguar just misses! The jaguar just misses! In what direction? h You kill the jaguar! The magic missile bounces! The magic missile hits you! Some missiles bounce off! You kill the lichen! There is a jaguar corpse here; eat it? [ynq] (n) y This jaguar corpse tastes terrible! You hear a door open. You finish eating the jaguar corpse. You have a little trouble lifting Y - a food ration {20}. Your movements are slowed slightly because of your load. You hear a door open. With great effort you move the boulder. You try to move the boulder, but in vain. That door is closed. That door is closed. The door opens. The raven pecks! The raven blinds you! It pecks! It pecks! In what direction? l The spell hits it. You kill it! The spell hits it. Wait! There's something there you can't see! It bites! In what direction? l The spell misses it. It bites! You die... Do you want your possessions identified? [ynq] (y) y Do you want to see your attributes? [ynq] (y) y Do you want an account of creatures vanquished? [ynaq] (y) y Do you want to see your conduct and achievements? [ynq] (y) y Do you want to see the dungeon overview? [ynq] (y) y Major events: Turn 1: Raisse the neutral female gnomish Wizard entered the dungeon 662: attained the rank of Conjurer (level 3) 1522: killed by a wolf Inventory: Inventory: 659/650 weight (30/52 slots) Coins $ - 454 gold pieces {5} Weapons a - a blessed +2 silver dagger named Dagger of Hubris (alternate weapon; not wielded) {11} h - 3 uncursed +0 darts {3} i - a cursed rusty +0 broadsword {70} F - a blessed +1 quarterstaff {40} L - an uncursed +0 wooden dagger {3} S - a cursed -1 copper dagger {10} Armor n - an uncursed +0 leather studded armor {200} A - a blessed +0 mithril elven ring mail (being worn) {88} B - an uncursed +0 pair of low boots (being worn) {8} C - an uncursed +0 cloak of magic resistance (being worn) {8} Comestibles j - a cursed food ration {20} w - an uncursed lichen corpse (wielded) {20} x - an uncursed pear {2} K - 2 uncursed fortune cookies {2} M - 2 uncursed bananas {4} P - an uncursed cram ration {15} W - an uncursed sprig of wolfsbane {1} Y - an uncursed food ration {20} Scrolls l - a cursed scroll of charging {5} m - an uncursed scroll of light {5} s - an uncursed scroll of create monster {5} u - an uncursed scroll of identify {5} E - 3 uncursed scrolls of remove curse {15} G - an uncursed scroll of punishment {5} H - an uncursed scroll of destroy armor {5} N - an uncursed scroll of teleportation {5} Potions Q - an uncursed potion of sleeping {20} Wands J - an uncursed wand of magic missile (0:5) {7} Tools b - an uncursed blindfold {2} k - a cursed mithril magic harp (0:7) {50} Raisse the Wizard's attributes: Background: You were a Conjurer, a level 5 female gnomish Wizard. You were neutral, nominally on a mission for Thoth who was opposed by Ptah (lawful) and Anhur (chaotic). You were bisexual. You were in the Dungeons of Doom, on level 8. You entered the dungeon 1522 turns ago. You had 225 experience points, 95 more were needed to attain level 6. Basics: You had 0 out of 30 hit points. You had 30 out of 44 energy points (spell power). Your armor class was 4. Your wallet contained 454 zorkmids. Autopickup was off. Final Characteristics: Your strength was 12 (limit:18/50). Your dexterity was 11 (limit:18). Your constitution was 12 (limit:18). Your intelligence was 18 (limit:19). Your wisdom was 13 (limit:18). Your charisma was 9 (limit:18). Final Status: You were temporarily blind. You were not hungry. You were burdened; movement was slightly slowed. You were wielding a corpse. Final Attributes: You were devoutly aligned. You were magic-protected. You had infravision. You were guarded. You are dead. Miscellaneous: You never encountered a bones level. Total elapsed playing time was 14 minutes and 48 seconds. Vanquished creatures: a jaguar a raven an Uruk-hai an orc shaman a rock piercer a homunculus a kobold leader a hill orc a rothe a monkey a wererat a werejackal an iguana 4 hobbits a giant rat 5 jackals 2 sewer rats 3 grid bugs 3 lichens 2 kobold zombies 2 newts 35 creatures vanquished. No species were genocided or became extinct. Voluntary challenges: You were an atheist. You read items or engraved 4 times. You never genocided any monsters. You never polymorphed an object. You never changed form. You never touched an artifact. You used no wishes. You never scared an enemy with impunity. You were celibate. You never generated conflict. Achievements: You entered a shop. You attained the rank of Conjurer. The Dungeons of Doom: levels 1 to 8 Level 1: A fountain, a grave, a tree. Level 2: A bookstore, some fountains. Level 3: "spb" A tree. Level 4: A tree. Level 5: A fountain. Level 6: Level 7: "spb" A fountain. Level 8: <- You were here. Final resting place for you, killed by a wolf. Game over: __________ / \ / REST \ / IN \ / PEACE \ / \ | Raisse | | 454 Au | | killed by a wolf | | | | | | | | 2022 | *| * * * | * _________)/\\_//(\/(/\)/\//\/|_)_______ Goodbye Raisse the Wizard... You died in The Dungeons of Doom on dungeon level 8 with 1679 points, and 454 pieces of gold, after 1522 moves. You were level 5 with a maximum of 30 hit points when you died.